 Dungeon Crawl Stone Soup version 0.30-a0-371-gad7725a93e (webtiles) character file.

Game seed: 7965771489370405651

1481 FalseProphet the Conjurer (level 8, -2/58 HPs)
             Began as a Demonspawn Conjurer on Nov 22, 2022.
             Slain by Edmund
             ... wielding a +1 flail of holy wrath
              (10 damage)
             ... on level 5 of the Dungeon.
             The game lasted 00:11:31 (4949 turns).

FalseProphet the Conjurer (Demonspawn Conjurer)     Turns: 4949, Time: 00:11:32

Health: -2/58      AC:  3    Str:  7    XL:     8   Next: 50%
Magic:  3/17       EV: 13    Int: 21    God:
Gold:   135        SH:  0    Dex: 19    Spells: 16/19 levels left

rFire   . . .      SeeInvis .    n - staff of conjuration
rCold   . . .      Faith    .    (no shield)
rNeg    . . .      Spirit   .    a - +0 robe
rPois   .          Reflect  .    (helmet restricted)
rElec   .          Harm     .    (no cloak)
rCorr   .          Rampage  .    (no gloves)
Will    .....                    l - +0 pair of boots
Stlth   ++........               (no amulet)
HPRegen 0.29/turn                o - +6 ring of dexterity
MPRegen 0.15/turn                (no ring)

@: no status effects
A: powered by pain 1, demonic touch 2, antennae 1, wild magic 1
a: no special abilities


You were on level 5 of the Dungeon.
You visited 1 branch of the dungeon, and saw 5 of its levels.

You collected 167 gold pieces.
You spent 32 gold pieces at shops.

Inventory:

Hand Weapons
 d - a +0 short sword
 r - the +6 hand axe "Hoaschal" {vorpal, rC+ Int+4 SInv}
   (You found it on level 4 of the Dungeon)

   It inflicts extra damage upon your enemies.
   Int:       It affects your intelligence (+4).
   rC:        It protects you from cold.
   SInv:      It lets you see invisible.
Armour
 a - a +0 robe (worn)
 j - a +0 helmet
 l - a +0 pair of boots (worn)
Magical Staves
 n - a staff of conjuration (weapon)
Jewellery
 o - a +6 ring of dexterity (left hand)
Wands
 f - a wand of roots (8)
 m - a wand of mindburst (6)
Scrolls
 g - 2 scrolls of teleportation
 p - 2 scrolls of amnesia
 s - a scroll of fear {unknown}
Potions
 b - a potion of magic
 c - 3 potions of might {unknown}
 e - a potion of heal wounds {unknown}
 h - a potion of brilliance {unknown}
 i - 2 potions of curing
 k - a potion of degeneration {unknown}
 q - a potion of attraction {unknown}


   Skills:
 * Level 3.3 Fighting
 - Level 0.2 Short Blades
 + Level 1.1 Staves
 + Level 3.1 Dodging
 + Level 2.8 Stealth
 * Level 6.1 Spellcasting
 * Level 7.6 Conjurations


You had 16 spell levels left.
You knew the following spells:

 Your Spells              Type           Power      Damage    Failure   Level
a - Magic Dart            Conj           100%       1d8       1%          1
b - Searing Ray           Conj           100%       2d8       1%          2

Your spell library contained the following spells:

 Spells                   Type           Power      Damage    Failure   Level
 Dazzling Flash           Conj/Hex       86%        N/A       10%         3
 Apportation              Tloc           16%        N/A       14%         1
 Fulminant Prism          Conj/Hex       21%        3d12      28%         4
 Iskenderun's Mystic Bla  Conj/Tloc      43%        2d10      28%         4
 Alistair's Intoxication  Tmut/Pois      5%         N/A       97%         5


Dungeon Overview and Level Annotations

Branches:
Dungeon (5/15)
 Temple: D:4-7

Altars:

Shops:
D:2 =*(   D:5 (

Annotations:
D:3 1 runed translucent door, Morninglord's ghost, weakling BaSu
D:5 Edmund


Innate Abilities, Weirdness & Mutations

You sometimes gain a little power by taking damage.
Your touch may inflict irresistible damage on your foes.
You have a pair of small antennae on your head.
Your spells are a little harder to cast, but a little more powerful.


Message History

Edmund says, "I might not be good at magic, but I can still kill you!"
Edmund hits you with a +1 flail of holy wrath.
You convulse.
Casting: Searing Ray (safe; 1% risk of failure)
Confirm with . or Enter, or press ? or * to list all spells.
Aiming: Searing Ray (safe; 1% risk of failure)
Press: ? - help, Shift-Dir - straight line, f/p - Edmund
Aim: Edmund, wielding a +1 flail of holy wrath, wearing a +0 chain mail and carrying a wand of light (7) (moderately wounded, 87% to hit)
You feel a surge of power!
The searing ray hits Edmund!
Edmund is heavily wounded. (Press . to maintain the ray.) Edmund hits you with a +1 flail of holy wrath.
You convulse.
The searing ray hits Edmund!
Edmund is severely wounded.
Edmund barely misses you.
The searing ray hits Edmund but does no damage.
Edmund is severely wounded.
Edmund hits you with a +1 flail of holy wrath.
You convulse.
* * * LOW HITPOINT WARNING * * *
The searing ray hits Edmund.
Edmund is severely wounded.
You finish channelling your searing ray.
Edmund barely misses you.
You feel better.
Edmund hits you with a +1 flail of holy wrath.
You convulse.
Casting: Searing Ray (safe; 1% risk of failure)
Confirm with . or Enter, or press ? or * to list all spells.
Aiming: Searing Ray (safe; 1% risk of failure)
Press: ? - help, Shift-Dir - straight line, f/p - Edmund
Aim: Edmund, wielding a +1 flail of holy wrath, wearing a +0 chain mail and carrying a wand of light (7) (severely wounded, 87% to hit)
You feel a surge of power!
The searing ray hits Edmund.
Edmund is almost dead. (Press . to maintain the ray.) Edmund hits you with a +1 flail of holy wrath!
* * * LOW HITPOINT WARNING * * *
You convulse!
You die...

'....## #.....## #......#
#...... #..... ### #...†
#..## #..@# #....#
#..@##......
#########............'
........##.##.###....#
########.......# #....#
.........####### #....#
..###...### #....#
....'...'.########....#####
#.###...#.#......'.........
#####'#.######.........


You could see Edmund.

Vanquished Creatures
  Grinder (D:4)
  Eustachio (D:5)
  Menkaure (D:4)
  Duvessa (D:5)
  A black bear (D:5)
  An orc warrior (D:5)
  An ice beast (D:5)
  A necrophage (D:5)
  2 scorpions (D:4)
  Dowan (D:5)
  A crimson imp (D:3)
  3 hounds
  An orc priest (D:5)
  2 jellies
  2 iguanas (D:5)
  7 gnolls
  2 adders
  2 ufetubi
  A worm (D:2)
  2 dart slugs (D:2)
  4 orcs (D:5)
  4 ball pythons
  4 bats
  6 endoplasms
  3 giant cockroaches
  8 goblins
  7 hobgoblins
  4 jackals (D:3)
  7 kobolds
  3 quokkas
  3 frilled lizards
  2 goblin skeletons (D:3)
  2 goblin zombies (D:3)
  A kobold zombie (D:3)
  2 orc skeletons (D:3)
  An orc zombie (D:3)
  3 rats
98 creatures vanquished.

Notes
Turn   | Place    | Note
-------+----------+-------------------------------------------
     0 | D:1      | FalseProphet the Demonspawn Conjurer began the quest for
                  | the Orb.
     0 | D:1      | Reached XP level 1. HP: 13/13 MP: 3/3
   217 | D:1      | Gained mutation: Your touch may inflict minor irresistible
                  | damage on your foes. [demonic ancestry]
   217 | D:1      | Reached XP level 2. HP: 19/19 MP: 5/5
   319 | D:1      | Learned a level 2 spell: Searing Ray
  1114 | D:2      | Found Rexoap's Assorted Antiques.
  1122 | D:2      | Bought a scroll labelled XEABRU SOBUS for 32 gold pieces
  1178 | D:2      | Reached XP level 3. HP: 25/25 MP: 6/6
  1265 | D:2      | Found Gedoej's Jewellery Emporium.
  1748 | D:2      | Found Ulluic's Weapon Shop.
  2141 | D:3      | Reached skill level 1 in Fighting
  2184 | D:3      | Reached XP level 4. HP: 31/32 MP: 1/8
  2326 | D:3      | Found a runed translucent door.
  2328 | D:3      | Noticed Morninglord's ghost (weakling BaSu)
  2328 | D:3      | Noticed a water moccasin
  2418 | D:3      | Found a faded altar of an unknown god.
  2849 | D:4      | Reached skill level 5 in Conjurations
  2849 | D:4      | Gained mutation: Your touch may inflict irresistible damage
                  | on your foes. [demonic ancestry]
  2849 | D:4      | Reached XP level 5. HP: 37/37 MP: 3/9
  2993 | D:4      | Noticed Grinder
  3001 | D:4      | Killed Grinder
  3002 | D:4      | Reached XP level 6. HP: 34/44 MP: 2/12
  3107 | D:4      | Noticed Menkaure
  3110 | D:5      | Entered Level 5 of the Dungeon
  3110 | D:5      | Found Jaschuorr's Antique Weapon Boutique.
  3361 | D:5      | Noticed an orc warrior
  3446 | D:5      | Killed an orc warrior
  3447 | D:5      | Reached skill level 6 in Conjurations
  3447 | D:5      | Gained mutation: You sometimes gain a little power by
                  | taking damage. [demonic ancestry]
  3447 | D:5      | Reached XP level 7. HP: 5/50 MP: 4/13
  3687 | D:5      | Noticed Eustachio
  3710 | D:5      | Killed Eustachio
  3900 | D:5      | Reached skill level 5 in Spellcasting
  4044 | D:5      | Noticed Duvessa
  4044 | D:5      | Noticed Dowan
  4048 | D:5      | Killed Dowan
  4049 | D:5      | Reached skill level 7 in Conjurations
  4049 | D:5      | Reached XP level 8. HP: 57/57 MP: 9/16
  4053 | D:5      | Killed Duvessa
  4193 | D:4      | Killed Menkaure
  4276 | D:4      | Identified the +6 hand axe "Hoaschal" {vorpal, rC+ Int+4
                  | SInv}
  4318 | D:4      | Reached skill level 1 in Staves
  4669 | D:4      | Gained mutation: You are strong-willed. (Will+) [potion of
                  | mutation]
  4670 | D:4      | Lost mutation: You are strong-willed. (Will+) [potion of
                  | mutation]
  4670 | D:4      | Gained mutation: You have a pair of small antennae on your
                  | head. [potion of mutation]
  4670 | D:4      | Gained mutation: Your spells are a little harder to cast,
                  | but a little more powerful. [potion of mutation]
  4934 | D:5      | Noticed Edmund
  4949 | D:5      | Slain by Edmund

Illustrated notes

Levels and vault maps discovered:
D:1:      dpeg_arrival_stonehenge_8_columns, layout_loops_ring,
          serial_bayou_crossing
D:2:      layout_basic, serial_shops, nicolae_diamond_shop, shop,
          nicolae_shop_advertising_works [nicolae_subvault_shop_adworks],
          due_unseen_surprise
D:3:      layout_rooms, nicolae_tso_besieged_by_evil, ebering_ghost_inner_flame,
          ebering_ecumenical_altar_webs
D:4:      layout_loops_ring, uniq_grinder, uniq_menkaure
D:5:      dreamdust_elfheim, layout_basic, nicolae_qazlal_eye_of_the_storm,
          ebering_ghost_disaster_area, nicolae_stop_n_shop_1, hex_tiny,
          minivault_19, grunt_ministairs_2, uniq_edmund, uniq_eustachio

Skill      XL: |  1  2  3  4  5  6  7  8 |
---------------+-------------------------+-----
Dodging        | 2 3 |  3.1
Fighting       | 1 2 3 |  3.3
Stealth        | 2 |  2.8
Spellcasting   | 3 4 5 6 |  6.1
Conjurations   | 5 6 7 |  7.6
Staves         | 1 |  1.1
Short Blades   | |  0.2

Action                   |  1- 3 |  4- 6 |  7- 9 || total
-------------------------+-------+-------+-------++-------
Melee: Short sword       |    35 |       |       ||    35
       Touch             |     8 |     5 |     5 ||    18
       Staff             |    23 |    25 |    28 ||    76
 Cast: Magic Dart        |    68 |    28 |    41 ||   137
       Searing Ray       |     1 |    11 |    16 ||    28
  Use: Scroll            |     6 |     2 |     1 ||     9
       Potion            |       |       |     3 ||     3
 Stab: Sleeping          |     2 |     1 |       ||     3
Armor: Robe              |    10 |     9 |     9 ||    28
Dodge: Dodged            |    33 |    22 |    30 ||    85

Table legend: (Time is in decaauts)
 A = Elapsed time spent in this place.
 B = Non-inter-level travel time spent in this place.
 C = Inter-level travel time spent in this place.
 D = Time resting spent in this place.
 E = Time spent auto-exploring this place.
 F = Levels seen in this place.
 G = Mean time per level.
                   A        B        C        D        E       F      G
               +--------+--------+--------+--------+--------+-----+--------+
         Total |   4967 |   4772 |    195 |    499 |   3535 |   5 |  993.4 |
       Dungeon |   4967 |   4772 |    195 |    499 |   3535 |   5 |  993.4 |
               +--------+--------+--------+--------+--------+-----+--------+

Top non-repeatable levels by time:
     D:5: 1311 daAuts
     D:4: 1062 daAuts
     D:1: 986 daAuts
     D:2: 900 daAuts
     D:3: 707 daAuts
